 Dungeon Crawl Stone Soup version 0.27-a0-401-gea03ee85fd (webtiles) character file.

Game seed: 16048171609333120428

23 DavidChitty2 the Shield-Bearer (level 2, 0/27 HPs)
             Began as a Minotaur Fighter on Feb 21, 2021.
             Slain by a bat (1 damage)
             ... on level 2 of the Dungeon.
             The game lasted 00:00:43 (820 turns).

DavidChitty2 the Shield-Bearer (Minotaur Fighter)    Turns: 820, Time: 00:00:43

Health: 0/27       AC:  7    Str: 20    XL:     2   Next: 75%
Magic:  1/1        EV:  7    Int:  5    God:
Gold:   38         SH:  9    Dex:  9    Spells: 1/1 levels left

rFire    . . .     SeeInvis .   a - +0 war axe
rCold    . . .     Faith    .   c - +0 kite shield
rNeg     . . .     Spirit   .   b - +0 scale mail
rPois    .         Reflect  .   (helmet restricted)
rElec    .         Harm     .   (no cloak)
rCorr    .         Rampage  .   (no gloves)
Will     .....                  (no boots)
Stlth    ..........             (no amulet)
HPRegen  0.09/turn              (no ring)
MPRegen  0.07/turn              (no ring)

@: no status effects
A: retaliatory headbutt, horns 2
a: no special abilities


You were on level 2 of the Dungeon.
You visited 1 branch of the dungeon, and saw 2 of its levels.

You collected 38 gold pieces.

Inventory:

Hand Weapons
 a - a +0 war axe (weapon)
Missiles
 m - 2 throwing nets (quivered) {!f}
Armour
 b - a +0 scale mail (worn)
 c - a +0 kite shield (worn)
Scrolls
 f - a scroll of enchant weapon {unknown}
 g - 2 scrolls of fog {unknown}
 i - a scroll of blinking {unknown}
 j - a scroll of teleportation {unknown}
 l - a scroll of identify {unknown}
Potions
 d - 2 potions of might
 e - a potion of magic {unknown}
 h - a potion of mutation {unknown}
 k - 2 potions of heal wounds {unknown}


   Skills:
 + Level 3.9 Fighting
 * Level 3.2 Axes
 + Level 3.9 Armour
 + Level 3.9 Shields


You had one spell level left.
You didn't know any spells.
Your spell library was empty.

Dungeon Overview and Level Annotations

Branches:
Dungeon (2/15)

Altars:

Annotations:
D:2 Sigmund


Innate Abilities, Weirdness & Mutations

You reflexively headbutt those who attack you in melee.
You have a pair of horns on your head.


Message History

You block the adder's attack. The adder bites you.
You are poisoned.
The adder poisons you!
You slash the adder!
You kill the adder!
You feel sick.
Your Axes skill increases to level 3!
You start resting.
You feel sick. x4
You are no longer poisoned.
m - 2 throwing nets {!f} You now have 31 gold pieces (gained 10).
Found a stone staircase leading down.
A rat comes into view.
Found a golden potion.
Found an escape hatch in the floor.
A rat is nearby!
The rat bites you but does no damage.
You hit the rat.
You kill the rat!
No target in view!
k - 2 golden potions (gained 1)
You see here a rat corpse.
Found a dagger.
There is an escape hatch in the floor here.
A ball python comes into view.
Found a stone staircase leading up.
The ball python hisses angrily.
You slash the ball python!
You kill the ball python!
No target in view!
No target in view!
Found 7 gold pieces.
Found a stone staircase leading down.
You now have 38 gold pieces (gained 7).
A giant cockroach comes into view.
Sigmund the Dreaded comes into view.
He is wielding a +0 scythe and carrying a wand of random effects (16).
Sigmund shouts!
Sigmund screams, "Only death can liberate you!"
Sigmund hits you from afar with a +0 scythe!
The giant cockroach closely misses you.
Your shield prevents you from hitting the giant cockroach.
You headbutt the giant cockroach.
You kill the giant cockroach!
Sigmund hits you from afar with a +0 scythe!
* * * LOW HITPOINT WARNING * * *
A bat comes into view.
The bat hits you but does no damage. Sigmund hits you with a +0 scythe!
* * * LOW HITPOINT WARNING * * *
You slash Sigmund! You headbutt Sigmund. The bat hits you.
You die...

#......#
#.###### #.#
#.# ##.######
#.......#
######..####.#
........###
######..@@#
#.##b# #. .#
#. .. #. .##
#. .# #. .# .#


You could see Sigmund and a bat.

Vanquished Creatures
  An adder (D:2)
  A ball python (D:2)
  A bat (D:2)
  A giant cockroach (D:2)
  A goblin (D:1)
  2 hobgoblins (D:1)
  2 kobolds (D:1)
  2 frilled lizards (D:1)
  3 rats
14 creatures vanquished.

Notes
Turn   | Place    | Note
-------+----------+-------------------------------------------
     0 | D:1      | DavidChitty2 the Minotaur Fighter began the quest for the
                  | Orb.
     0 | D:1      | Reached XP level 1. HP: 19/19 MP: 0/0
   464 | D:1      | Reached XP level 2. HP: 27/27 MP: 1/1
   817 | D:2      | Noticed Sigmund
   819 | D:2      | HP: 1/27 [Sigmund/+0 scythe (8)]
   820 | D:2      | Slain by a bat

Illustrated notes

Levels and vault maps discovered:
D:1:      dpeg_arrival_tiny_h, layout_basic
D:2:      layout_loops_ring, nicolae_overflow_hidden_temple, uniq_sigmund

Skill      XL: |  1  2 |
---------------+-------+-----
Axes           | 3 |  3.2
Fighting       | |  3.9
Armour         | |  3.9
Shields        | |  3.9

Action                   || total
-------------------------++-------
Melee: War axe           ||    37
       Headbutt          ||     6
Armor: Scale mail        ||    14
Dodge: Dodged            ||    10
Block: Kite shield       ||    16

Table legend: (Time is in decaauts)
 A = Elapsed time spent in this place.
 B = Non-inter-level travel time spent in this place.
 C = Inter-level travel time spent in this place.
 D = Time resting spent in this place.
 E = Time spent auto-exploring this place.
 F = Levels seen in this place.
 G = Mean time per level.
                   A        B        C        D        E       F      G
               +--------+--------+--------+--------+--------+-----+--------+
         Total |    841 |    831 |     10 |     36 |    684 |   2 |  420.5 |
       Dungeon |    841 |    831 |     10 |     36 |    684 |   2 |  420.5 |
               +--------+--------+--------+--------+--------+-----+--------+

Top non-repeatable levels by time:
     D:1: 632 daAuts
     D:2: 209 daAuts
